[ AOE2 MATCH · #470452000 ]
Team RMRomans vs Lithuanians
[ REPLAY ANALYSIS · EXTRACTED FROM THE RECORDED GAME ]
Feudal
10:59
Castle
26:55
Imperial
46:09
| APM avg | 29.8 |
| APM peak | 64 |
| eAPM avg | 19.7 |
| Villagers / military | 132 / 361 |
Focus
⚔️ 49.6% · 🌾 50.4%
Spearman ×146 · Skirmisher ×118 · Militia ×48 · Mangonel ×21 · Scorpion ×10 · Trade Cart ×8
Feudal
13:16
Castle
21:42
Imperial
36:54
| APM avg | 32.0 |
| APM peak | 87 |
| eAPM avg | 24.0 |
| Villagers / military | 179 / 230 |
Focus
⚔️ 51.1% · 🌾 48.9%
Jaguar Warrior ×112 · Eagle Scout ×82 · Battering Ram ×20 · Fishing Ship ×7 · Spearman ×5 · Mangonel ×5
Feudal
10:31
Castle
21:00
Imperial
33:15
| APM avg | 25.9 |
| APM peak | 62 |
| eAPM avg | 13.3 |
| Villagers / military | 125 / 103 |
Focus
⚔️ 27.4% · 🌾 72.6%
Knight ×82 · Scout Cavalry ×9 · Monk ×5 · Trebuchet (Packed) ×4 · Militia ×3
Feudal
9:42
Castle
20:39
Imperial
36:07
| APM avg | 22.1 |
| APM peak | 43 |
| eAPM avg | 13.4 |
| Villagers / military | 109 / 481 |
Focus
⚔️ 48.0% · 🌾 52.0%
Spearman ×409 · Fishing Ship ×26 · Battering Ram ×21 · Galley ×15 · Mangonel ×15 · Militia ×8
Feudal
10:59
Castle
18:52
Imperial
35:05
| APM avg | 18.3 |
| APM peak | 100 |
| eAPM avg | 13.4 |
| Villagers / military | 114 / 164 |
Focus
⚔️ 29.7% · 🌾 70.3%
Elephant Archer ×147 · Monk ×8 · Trade Cart ×6 · Armored Elephant ×6 · Trebuchet (Packed) ×3
Feudal
13:06
Castle
18:49
Imperial
35:33
| APM avg | 17.9 |
| APM peak | 56 |
| eAPM avg | 14.7 |
| Villagers / military | 156 / 284 |
Focus
⚔️ 44.3% · 🌾 55.7%
Scout Cavalry ×154 · Ballista Elephant ×125 · Trebuchet (Packed) ×3 · Monk ×2
Match map
Initial resources + every placement click. Lines = walls · curves = elevation contours. ◆ gold · ⬟ stone · ● berries · ✦ relic · ◌ wall gap
Your base· ✓ Map-separated
mrpropper145's base· ✓ Map-separated
ITACHI's base· ✓ Map-separated
Barba_Tiesa's base· ✓ Map-separated
Mr LA GROSSE MOULA's base· ✓ Map-separated
Spartiate's base· ✓ Map-separated
Smoothed initial terrain · ◌ = detected wall gap · hover for details
Inputs per minute
— Israfillidan - - mrpropper145
Build order — Israfillidan
First 150 of 695 actions detected
| 0:10 | Build | House |
| 0:13 | Build | House |
| 0:20 | Create | Villager (Male) |
| 0:20 | Create | Villager (Male) |
| 0:21 | Create | Villager (Male) |
| 0:21 | Create | Villager (Male) |
| 0:21 | Create | Villager (Male) |
| 0:45 | Research | Loom |
| 1:24 | Create | Villager (Male) |
| 1:33 | Research | Loom |
| 2:04 | Build | Lumber Camp |
| 2:29 | Create | Villager (Male) |
| 2:30 | Create | Villager (Male) |
| 3:00 | Create | Villager (Male) |
| 3:32 | Build | Mill |
| 3:38 | Create | Villager (Male) |
| 3:48 | Build | House |
| 3:58 | Create | Villager (Male) |
| 4:28 | Create | Villager (Male) |
| 4:34 | Build | House |
| 5:32 | Create | Villager (Male) |
| 5:33 | Create | Villager (Male) |
| 5:35 | Create | Villager (Male) |
| 6:20 | Create | Villager (Male) |
| 6:56 | Create | Villager (Male) |
| 6:57 | Create | Villager (Male) |
| 7:24 | Build | Palisade Wall |
| 7:30 | Build | Palisade Gate |
| 7:54 | Build | Mining Camp |
| 8:50 | Research | Feudal Age |
| 9:17 | Build | Palisade Wall |
| 9:43 | Build | House |
| 10:03 | Build | Palisade Wall |
| 10:12 | Build | House |
| 10:24 | Create | Villager (Male) |
| 10:25 | Create | Villager (Male) |
| 10:25 | Create | Villager (Male) |
| 10:25 | Create | Villager (Male) |
| 10:30 | Build | House |
| 10:40 | Build | Palisade Wall |
| 10:59 | Age | Feudal Age |
| 11:14 | Build | Palisade Gate |
| 11:29 | Build | House |
| 11:33 | Create | Villager (Male) |
| 11:33 | Create | Villager (Male) |
| 11:35 | Research | Double-Bit Axe |
| 11:45 | Research | Horse Collar |
| 12:29 | Build | Palisade Wall |
| 12:35 | Build | Palisade Wall |
| 12:38 | Build | Palisade Gate |
| 12:39 | Create | Villager (Male) |
| 12:39 | Create | Villager (Male) |
| 12:45 | Build | Farm |
| 12:56 | Build | Lumber Camp |
| 13:00 | Build | Farm |
| 13:42 | Build | Blacksmith |
| 13:50 | Create | Villager (Male) |
| 13:50 | Create | Villager (Male) |
| 14:00 | Build | Farm |
| 14:06 | Build | Lumber Camp |
| 14:16 | Build | Farm |
| 14:31 | Build | Barracks |
| 14:37 | Build | House |
| 14:46 | Build | Farm |
| 14:51 | Build | Farm |
| 15:01 | Build | Farm |
| 15:11 | Build | Farm |
| 15:15 | Build | Farm |
| 15:36 | Build | Dock |
| 16:11 | Research | Wheelbarrow |
| 16:28 | Research | Forging |
| 16:33 | Create | Spearman |
| 16:59 | Build | Barracks |
| 17:17 | Build | Archery Range |
| 17:30 | Research | Scale Mail Armor |
| 17:34 | Research | Man-at-Arms (upgrade) |
| 17:36 | Create | Spearman |
| 17:37 | Create | Militia |
| 17:49 | Build | Archery Range |
| 18:04 | Create | Demolition Raft |
| 18:04 | Create | Demolition Raft |
| 18:08 | Create | Fishing Ship |
| 18:08 | Create | Fishing Ship |
| 18:08 | Create | Fishing Ship |
| 18:41 | Build | Farm |
| 18:43 | Create | Villager (Male) |
| 18:43 | Create | Villager (Male) |
| 18:43 | Create | Villager (Male) |
| 18:44 | Create | Villager (Male) |
| 18:50 | Build | Farm |
| 18:52 | Build | Farm |
| 18:55 | Build | Farm |
| 19:25 | Build | Market |
| 19:55 | Build | Stone Wall |
| 19:59 | Create | Villager (Male) |
| 19:59 | Create | Villager (Male) |
| 20:06 | Build | Mining Camp |
| 20:42 | Build | House |
| 20:44 | Build | House |
| 20:46 | Build | House |
| 20:55 | Build | Barracks |
| 21:37 | Research | Fletching |
| 21:39 | Create | Skirmisher |
| 21:39 | Create | Skirmisher |
| 21:42 | Create | Spearman |
| 21:43 | Create | Spearman |
| 21:44 | Create | Spearman |
| 21:44 | Create | Spearman |
| 21:45 | Create | Spearman |
| 21:45 | Create | Spearman |
| 21:47 | Create | Skirmisher |
| 21:47 | Create | Skirmisher |
| 21:58 | Build | Watch Tower |
| 22:11 | Create | Spearman |
| 22:11 | Create | Spearman |
| 22:16 | Research | Padded Archer Armor |
| 22:25 | Build | House |
| 22:28 | Build | House |
| 22:30 | Build | House |
| 22:35 | Build | House |
| 22:36 | Build | House |
| 23:55 | Build | Archery Range |
| 24:02 | Create | Skirmisher |
| 24:02 | Create | Skirmisher |
| 24:03 | Create | Skirmisher |
| 24:03 | Create | Skirmisher |
| 24:04 | Create | Skirmisher |
| 24:15 | Research | Castle Age |
| 24:37 | Build | Farm |
| 24:56 | Create | Skirmisher |
| 24:56 | Create | Skirmisher |
| 25:03 | Create | Skirmisher |
| 25:03 | Create | Skirmisher |
| 25:11 | Create | Spearman |
| 25:11 | Create | Spearman |
| 25:31 | Create | Spearman |
| 25:31 | Create | Spearman |
| 25:33 | Create | Skirmisher |
| 25:33 | Create | Skirmisher |
| 26:20 | Create | Skirmisher |
| 26:23 | Create | Skirmisher |
| 26:23 | Create | Skirmisher |
| 26:27 | Create | Spearman |
| 26:27 | Create | Militia |
| 26:38 | Create | Skirmisher |
| 26:46 | Create | Spearman |
| 26:47 | Create | Spearman |
| 26:50 | Create | Skirmisher |
| 26:55 | Age | Castle Age |
| 27:02 | Create | Villager (Male) |
Build order — mrpropper145
First 150 of 621 actions detected
| 0:00 | Create | Villager (Male) |
| 0:01 | Create | Villager (Male) |
| 0:02 | Create | Villager (Male) |
| 0:03 | Build | House |
| 0:04 | Build | House |
| 0:21 | Create | Villager (Male) |
| 1:20 | Create | Villager (Male) |
| 1:56 | Create | Villager (Male) |
| 2:27 | Create | Villager (Male) |
| 3:00 | Create | Villager (Male) |
| 3:09 | Build | Lumber Camp |
| 3:21 | Create | Villager (Male) |
| 3:35 | Build | House |
| 3:38 | Build | House |
| 3:51 | Create | Villager (Male) |
| 4:07 | Create | Villager (Male) |
| 4:30 | Create | Villager (Male) |
| 4:42 | Build | Palisade Wall |
| 4:56 | Create | Villager (Male) |
| 4:56 | Create | Villager (Male) |
| 5:18 | Create | Villager (Male) |
| 6:01 | Create | Villager (Male) |
| 6:40 | Create | Villager (Male) |
| 6:40 | Create | Villager (Male) |
| 6:54 | Build | Dock |
| 7:06 | Create | Villager (Male) |
| 7:07 | Create | Villager (Male) |
| 7:25 | Build | House |
| 7:26 | Build | House |
| 7:43 | Create | Fishing Ship |
| 8:04 | Create | Villager (Male) |
| 8:45 | Build | Barracks |
| 8:50 | Build | Palisade Wall |
| 8:53 | Build | Palisade Wall |
| 8:55 | Create | Villager (Male) |
| 8:55 | Create | Villager (Male) |
| 9:06 | Create | Fishing Ship |
| 9:06 | Create | Fishing Ship |
| 9:34 | Build | Mill |
| 9:43 | Create | Villager (Male) |
| 9:44 | Create | Villager (Male) |
| 9:49 | Build | Mining Camp |
| 10:01 | Research | Loom |
| 10:41 | Create | Villager (Male) |
| 11:06 | Research | Feudal Age |
| 11:17 | Create | Fishing Ship |
| 11:19 | Create | Fishing Ship |
| 11:29 | Create | Villager (Male) |
| 11:36 | Build | House |
| 11:38 | Build | House |
| 12:45 | Create | Fishing Ship |
| 12:49 | Create | Fishing Ship |
| 12:59 | Build | House |
| 13:08 | Build | House |
| 13:11 | Build | House |
| 13:16 | Age | Feudal Age |
| 13:18 | Build | Palisade Wall |
| 13:23 | Research | Double-Bit Axe |
| 13:25 | Research | Gold Mining |
| 13:27 | Create | Villager (Male) |
| 13:27 | Create | Villager (Male) |
| 13:59 | Build | House |
| 14:17 | Build | Stone Wall |
| 14:20 | Build | Stone Wall |
| 14:30 | Build | Gate |
| 14:32 | Create | Villager (Male) |
| 14:32 | Create | Villager (Male) |
| 14:36 | Create | Villager (Male) |
| 14:39 | Research | Horse Collar |
| 14:43 | Build | Farm |
| 14:45 | Build | Farm |
| 14:46 | Build | Farm |
| 14:47 | Build | Farm |
| 14:48 | Build | Farm |
| 14:50 | Build | Farm |
| 14:52 | Build | Farm |
| 14:54 | Build | Farm |
| 14:56 | Build | Farm |
| 14:57 | Build | Farm |
| 15:02 | Build | Farm |
| 15:09 | Build | Mining Camp |
| 15:21 | Create | Villager (Male) |
| 15:22 | Create | Villager (Male) |
| 15:43 | Build | Blacksmith |
| 16:04 | Create | Eagle Scout |
| 16:20 | Create | Eagle Scout |
| 16:51 | Build | Market |
| 16:53 | Create | Villager (Male) |
| 16:54 | Create | Villager (Male) |
| 17:47 | Research | Wheelbarrow |
| 18:01 | Research | Castle Age |
| 18:37 | Build | Barracks |
| 18:39 | Build | Barracks |
| 18:51 | Research | Stone Mining |
| 19:41 | Research | Arson |
| 19:45 | Research | Forging |
| 19:45 | Research | Scale Mail Armor |
| 19:49 | Build | Lumber Camp |
| 19:53 | Research | Town Watch |
| 20:18 | Build | Dock |
| 20:37 | Create | Villager (Male) |
| 20:37 | Create | Villager (Male) |
| 20:46 | Create | Eagle Scout |
| 20:46 | Create | Eagle Scout |
| 20:50 | Create | Eagle Scout |
| 21:16 | Create | Eagle Scout |
| 21:42 | Age | Castle Age |
| 21:45 | Create | Villager (Male) |
| 21:45 | Create | Villager (Male) |
| 21:45 | Create | Villager (Male) |
| 21:59 | Build | Town Center |
| 22:05 | Build | Town Center |
| 22:14 | Research | Eagle Warrior (upgrade) |
| 22:15 | Research | Squires |
| 22:20 | Create | Eagle Scout |
| 22:21 | Create | Eagle Scout |
| 22:22 | Create | Eagle Scout |
| 22:33 | Build | Castle |
| 22:36 | Create | Villager (Male) |
| 22:37 | Create | Villager (Male) |
| 22:44 | Research | Bow Saw |
| 22:46 | Research | Heavy Plow |
| 23:05 | Research | Hand Cart |
| 23:17 | Create | Villager (Male) |
| 23:17 | Create | Villager (Male) |
| 23:20 | Build | Farm |
| 23:23 | Create | Eagle Scout |
| 23:24 | Create | Eagle Scout |
| 23:24 | Create | Eagle Scout |
| 23:38 | Create | Eagle Scout |
| 23:38 | Create | Eagle Scout |
| 23:39 | Create | Eagle Scout |
| 23:39 | Create | Eagle Scout |
| 23:44 | Build | Farm |
| 23:48 | Create | Villager (Male) |
| 24:00 | Create | Villager (Male) |
| 24:06 | Build | Farm |
| 24:20 | Create | Villager (Male) |
| 24:28 | Create | Villager (Male) |
| 24:31 | Build | Farm |
| 24:35 | Build | House |
| 24:37 | Build | House |
| 24:37 | Build | House |
| 24:40 | Create | Villager (Male) |
| 24:40 | Create | Villager (Male) |
| 25:08 | Build | Farm |
| 25:10 | Research | Gold Shaft Mining |
| 25:12 | Create | Villager (Male) |
| 25:16 | Build | Farm |
| 25:23 | Create | Villager (Male) |
Build order — ITACHI
First 150 of 402 actions detected
| 0:00 | Create | Villager (Male) |
| 0:01 | Create | Villager (Male) |
| 0:01 | Create | Villager (Male) |
| 0:02 | Build | House |
| 0:04 | Build | House |
| 0:34 | Create | Villager (Male) |
| 0:34 | Create | Villager (Male) |
| 0:35 | Create | Villager (Male) |
| 1:24 | Create | Villager (Male) |
| 2:19 | Create | Villager (Male) |
| 2:19 | Create | Villager (Male) |
| 3:01 | Create | Villager (Male) |
| 3:02 | Create | Villager (Male) |
| 3:34 | Build | Lumber Camp |
| 3:39 | Create | Villager (Male) |
| 4:04 | Build | House |
| 4:04 | Build | House |
| 4:48 | Create | Villager (Male) |
| 4:48 | Create | Villager (Male) |
| 5:22 | Create | Villager (Male) |
| 5:22 | Create | Villager (Male) |
| 5:23 | Create | Villager (Male) |
| 5:23 | Create | Villager (Male) |
| 5:23 | Create | Villager (Male) |
| 5:58 | Build | Lumber Camp |
| 6:02 | Create | Villager (Male) |
| 6:02 | Create | Villager (Male) |
| 7:00 | Research | Loom |
| 7:36 | Build | Mill |
| 7:41 | Build | Mining Camp |
| 8:05 | Build | Mining Camp |
| 8:13 | Research | Feudal Age |
| 8:47 | Create | Villager (Male) |
| 8:50 | Build | House |
| 8:51 | Build | House |
| 8:55 | Build | House |
| 9:02 | Build | Farm |
| 9:03 | Build | Farm |
| 9:04 | Build | Farm |
| 9:13 | Create | Villager (Male) |
| 9:22 | Build | Farm |
| 10:01 | Build | Farm |
| 10:31 | Age | Feudal Age |
| 10:38 | Build | Stone Wall |
| 10:42 | Build | Stone Wall |
| 10:43 | Build | Stone Wall |
| 10:46 | Build | Gate |
| 10:54 | Create | Villager (Male) |
| 10:55 | Research | Horse Collar |
| 10:56 | Research | Double-Bit Axe |
| 11:01 | Build | Farm |
| 12:14 | Build | Barracks |
| 12:44 | Create | Villager (Male) |
| 12:45 | Create | Villager (Male) |
| 12:45 | Create | Villager (Male) |
| 12:45 | Create | Villager (Male) |
| 12:48 | Research | Man-at-Arms (upgrade) |
| 12:49 | Create | Militia |
| 13:10 | Create | Villager (Male) |
| 13:18 | Build | Outpost |
| 13:24 | Build | Outpost |
| 13:25 | Build | Outpost |
| 13:27 | Build | Outpost |
| 13:54 | Create | Militia |
| 13:56 | Create | Militia |
| 14:08 | Build | Farm |
| 14:13 | Create | Villager (Male) |
| 14:37 | Build | Farm |
| 15:01 | Create | Villager (Male) |
| 15:07 | Build | Farm |
| 15:21 | Create | Villager (Male) |
| 15:26 | Build | Farm |
| 15:31 | Build | Farm |
| 15:33 | Build | Farm |
| 15:45 | Create | Villager (Male) |
| 15:46 | Create | Villager (Male) |
| 16:14 | Build | Farm |
| 16:19 | Create | Villager (Male) |
| 17:03 | Build | Market |
| 17:09 | Build | Blacksmith |
| 17:34 | Create | Villager (Male) |
| 18:20 | Research | Castle Age |
| 18:45 | Build | House |
| 18:47 | Build | House |
| 18:48 | Build | House |
| 18:51 | Build | House |
| 18:52 | Build | House |
| 18:56 | Build | House |
| 18:57 | Build | House |
| 19:01 | Research | Gold Mining |
| 19:21 | Build | Stable |
| 19:23 | Build | Stable |
| 19:41 | Create | Villager (Male) |
| 19:41 | Create | Villager (Male) |
| 20:08 | Research | Forging |
| 20:09 | Research | Scale Barding Armor |
| 20:39 | Research | Bloodlines |
| 21:00 | Age | Castle Age |
| 21:03 | Build | Monastery |
| 21:22 | Build | Town Center |
| 21:24 | Create | Monk |
| 21:24 | Create | Monk |
| 21:31 | Research | Husbandry |
| 21:48 | Build | Farm |
| 21:53 | Build | Farm |
| 21:58 | Create | Villager (Male) |
| 21:58 | Create | Villager (Male) |
| 21:58 | Create | Villager (Male) |
| 22:20 | Create | Knight |
| 22:58 | Create | Villager (Male) |
| 22:58 | Create | Villager (Male) |
| 23:01 | Create | Knight |
| 23:09 | Create | Villager (Male) |
| 23:09 | Create | Villager (Male) |
| 23:09 | Create | Villager (Male) |
| 23:17 | Build | Farm |
| 23:21 | Build | Farm |
| 23:24 | Build | Farm |
| 24:22 | Create | Villager (Male) |
| 24:23 | Create | Villager (Male) |
| 24:24 | Create | Villager (Male) |
| 24:24 | Create | Villager (Male) |
| 24:24 | Create | Villager (Male) |
| 25:15 | Create | Knight |
| 25:15 | Create | Knight |
| 25:24 | Research | Iron Casting |
| 25:27 | Create | Villager (Male) |
| 25:28 | Create | Villager (Male) |
| 25:33 | Build | Farm |
| 25:36 | Build | Farm |
| 25:59 | Create | Monk |
| 26:04 | Create | Villager (Male) |
| 26:04 | Create | Villager (Male) |
| 26:12 | Build | Farm |
| 26:15 | Build | Farm |
| 26:19 | Build | Farm |
| 26:28 | Build | Farm |
| 26:36 | Research | Chain Barding Armor |
| 26:39 | Create | Villager (Male) |
| 26:40 | Create | Villager (Male) |
| 27:52 | Build | Stone Wall |
| 27:55 | Build | Gate |
| 28:07 | Build | Castle |
| 28:23 | Create | Villager (Male) |
| 28:25 | Create | Villager (Male) |
| 28:26 | Create | Villager (Male) |
| 28:29 | Build | University |
| 28:35 | Create | Knight |
| 28:35 | Create | Knight |
| 28:36 | Create | Knight |
Build order — Barba_Tiesa
First 150 of 412 actions detected
| 0:02 | Create | Villager (Male) ×4 |
| 0:05 | Build | House |
| 0:07 | Build | House |
| 1:28 | Create | Villager (Male) |
| 1:55 | Build | Lumber Camp |
| 2:01 | Create | Villager (Male) |
| 2:01 | Create | Villager (Male) |
| 2:23 | Create | Villager (Male) |
| 3:01 | Create | Villager (Male) |
| 3:01 | Create | Villager (Male) |
| 3:28 | Create | Villager (Male) |
| 3:28 | Create | Villager (Male) |
| 3:41 | Build | Mill |
| 3:41 | Create | Villager (Male) |
| 4:15 | Create | Villager (Male) |
| 4:19 | Build | House |
| 4:43 | Create | Villager (Male) |
| 4:43 | Create | Villager (Male) |
| 5:07 | Create | Villager (Male) |
| 5:39 | Create | Villager (Male) |
| 5:39 | Create | Villager (Male) |
| 5:55 | Create | Villager (Male) |
| 6:06 | Create | Villager (Male) |
| 6:24 | Create | Villager (Male) |
| 6:24 | Create | Villager (Male) |
| 6:47 | Build | Dock |
| 6:49 | Build | House |
| 6:54 | Build | House |
| 6:57 | Research | Loom |
| 7:21 | Build | Barracks |
| 7:33 | Research | Feudal Age |
| 8:02 | Build | Mining Camp |
| 8:08 | Build | Palisade Wall |
| 8:27 | Create | Militia |
| 8:27 | Create | Militia |
| 8:27 | Create | Militia |
| 9:07 | Build | Palisade Wall |
| 9:10 | Build | Palisade Wall |
| 9:20 | Create | Villager (Male) |
| 9:30 | Build | Dock |
| 9:32 | Create | Militia |
| 9:42 | Age | Feudal Age |
| 10:11 | Research | Man-at-Arms (upgrade) |
| 10:11 | Research | Man-at-Arms (upgrade) |
| 10:19 | Create | Spearman |
| 10:26 | Create | Fishing Ship |
| 10:34 | Build | House |
| 10:42 | Build | Palisade Wall |
| 10:45 | Build | Palisade Wall |
| 10:53 | Build | Palisade Wall |
| 10:59 | Build | Palisade Wall |
| 11:07 | Create | Villager (Male) |
| 11:10 | Create | Fishing Ship |
| 11:58 | Create | Villager (Male) |
| 12:00 | Create | Fishing Ship |
| 12:37 | Build | Palisade Wall |
| 12:41 | Create | Fishing Ship |
| 12:50 | Create | Villager (Male) |
| 13:04 | Build | Mining Camp |
| 13:18 | Create | Fishing Ship |
| 13:55 | Create | Villager (Male) |
| 14:04 | Build | Blacksmith |
| 14:08 | Create | Fishing Ship |
| 14:22 | Create | Villager (Male) |
| 15:13 | Create | Galley |
| 15:13 | Create | Galley |
| 15:26 | Create | Villager (Male) |
| 15:34 | Build | Archery Range |
| 15:39 | Build | House |
| 15:45 | Create | Villager (Male) |
| 15:59 | Create | Spearman |
| 15:59 | Create | Spearman |
| 15:59 | Create | Spearman |
| 16:12 | Create | Militia |
| 16:12 | Create | Militia |
| 16:12 | Create | Militia |
| 16:23 | Create | Galley |
| 16:23 | Create | Galley |
| 16:32 | Research | Fletching |
| 17:05 | Build | Dock |
| 17:33 | Create | Spearman |
| 17:36 | Create | Militia |
| 17:59 | Research | Castle Age |
| 18:16 | Build | Lumber Camp |
| 18:21 | Create | Archer |
| 18:21 | Create | Archer |
| 18:37 | Create | Fishing Ship |
| 18:38 | Create | Fishing Ship |
| 18:39 | Research | Tech 906 |
| 19:38 | Build | Dock |
| 19:41 | Build | House |
| 19:46 | Research | Padded Archer Armor |
| 20:02 | Create | Fishing Ship |
| 20:03 | Create | Fishing Ship |
| 20:15 | Build | Fish Trap |
| 20:27 | Build | House |
| 20:28 | Build | House |
| 20:28 | Build | House |
| 20:31 | Research | Double-Bit Axe |
| 20:32 | Research | Horse Collar |
| 20:39 | Age | Castle Age |
| 20:42 | Create | Archer |
| 20:43 | Create | Archer |
| 20:58 | Build | Fish Trap |
| 21:03 | Build | Fish Trap |
| 21:09 | Build | Fish Trap |
| 21:26 | Create | Villager (Male) |
| 21:37 | Build | Town Center |
| 21:42 | Create | Villager (Male) |
| 22:02 | Research | Gillnets |
| 22:28 | Create | Villager (Male) |
| 22:38 | Build | Monastery |
| 22:58 | Create | Fishing Ship ×2 |
| 22:58 | Create | Fishing Ship ×2 |
| 23:11 | Create | Villager (Male) ×3 |
| 23:11 | Create | Villager (Male) ×3 |
| 23:19 | Build | Farm |
| 23:20 | Build | Farm |
| 23:32 | Create | Monk |
| 23:40 | Create | Archer |
| 23:40 | Create | Archer |
| 23:43 | Build | Fish Trap |
| 23:48 | Build | Fish Trap |
| 24:02 | Create | Galley |
| 24:02 | Create | Galley |
| 24:07 | Research | Bodkin Arrow |
| 24:13 | Build | Farm |
| 24:15 | Build | Farm |
| 25:12 | Research | War Galley (upgrade) |
| 25:24 | Create | Villager (Male) ×5 |
| 25:29 | Research | Wheelbarrow |
| 25:40 | Create | Galley ×5 |
| 25:52 | Create | Villager (Male) |
| 25:54 | Create | Villager (Male) |
| 25:57 | Research | Bow Saw |
| 26:02 | Create | Fishing Ship ×2 |
| 26:20 | Create | Transport Ship |
| 26:51 | Create | Galley ×4 |
| 26:59 | Build | House |
| 27:00 | Build | House |
| 27:00 | Build | House |
| 27:00 | Build | House |
| 27:00 | Build | House |
| 27:01 | Build | House |
| 27:01 | Build | House |
| 27:01 | Build | House |
| 27:04 | Research | Crossbowman (upgrade) |
| 27:19 | Build | Fish Trap |
| 27:36 | Create | Villager (Male) ×5 |
| 27:39 | Build | University |
Build order — Mr LA GROSSE MOULA
First 150 of 462 actions detected
| 0:00 | Create | Villager (Male) |
| 0:03 | Build | House |
| 0:04 | Build | House |
| 0:05 | Build | House |
| 0:06 | Build | House |
| 0:24 | Create | Villager (Male) |
| 0:34 | Create | Villager (Male) |
| 0:34 | Create | Villager (Male) |
| 1:30 | Create | Villager (Male) |
| 2:05 | Create | Villager (Male) |
| 2:51 | Create | Villager (Male) |
| 2:51 | Create | Villager (Male) |
| 3:46 | Create | Villager (Male) |
| 3:46 | Create | Villager (Male) |
| 4:08 | Create | Villager (Male) |
| 4:08 | Create | Villager (Male) |
| 4:08 | Create | Villager (Male) |
| 4:09 | Create | Villager (Male) |
| 4:43 | Build | Lumber Camp |
| 5:43 | Create | Villager (Male) |
| 5:43 | Create | Villager (Male) |
| 5:43 | Create | Villager (Male) |
| 6:15 | Build | Mill |
| 6:46 | Create | Villager (Male) |
| 6:47 | Create | Villager (Male) |
| 7:01 | Build | Palisade Wall |
| 7:04 | Build | Palisade Wall |
| 7:12 | Build | Palisade Gate |
| 7:49 | Create | Villager (Male) |
| 8:12 | Research | Loom |
| 8:39 | Build | Palisade Wall |
| 8:41 | Build | Palisade Wall |
| 8:46 | Build | Palisade Gate |
| 8:50 | Research | Feudal Age |
| 9:11 | Build | House |
| 9:15 | Build | House |
| 9:16 | Build | House |
| 9:47 | Create | Villager (Male) |
| 9:48 | Create | Villager (Male) |
| 9:48 | Create | Villager (Male) |
| 9:49 | Create | Villager (Male) |
| 10:40 | Build | Mill |
| 10:45 | Build | House |
| 10:46 | Build | House |
| 10:59 | Age | Feudal Age |
| 11:06 | Build | Mining Camp |
| 11:17 | Build | Stone Wall |
| 11:19 | Build | Stone Wall |
| 11:47 | Build | Barracks |
| 12:16 | Build | Gate |
| 12:46 | Build | Archery Range |
| 12:51 | Build | Archery Range |
| 13:01 | Create | Villager (Male) |
| 13:02 | Create | Villager (Male) |
| 13:02 | Create | Villager (Male) |
| 13:28 | Build | Mining Camp |
| 13:32 | Create | Villager (Male) |
| 13:54 | Create | Villager (Male) |
| 14:09 | Build | Market |
| 14:17 | Build | Blacksmith |
| 14:30 | Build | Farm |
| 14:30 | Build | Farm |
| 14:35 | Build | Farm |
| 15:07 | Build | Stone Wall |
| 15:09 | Build | Stone Wall |
| 15:18 | Build | Gate |
| 15:22 | Create | Villager (Male) |
| 15:23 | Create | Villager (Male) |
| 15:56 | Research | Castle Age |
| 16:39 | Build | Farm |
| 16:40 | Build | Farm |
| 16:41 | Build | Farm |
| 16:42 | Build | Farm |
| 16:44 | Build | Farm |
| 16:46 | Build | Farm |
| 17:14 | Build | Farm |
| 17:16 | Build | Farm |
| 17:25 | Create | Villager (Male) |
| 18:52 | Age | Castle Age |
| 18:59 | Build | Town Center |
| 19:08 | Create | Villager (Male) |
| 19:16 | Create | Villager (Male) |
| 19:19 | Create | Elephant Archer |
| 19:19 | Create | Elephant Archer |
| 19:22 | Create | Elephant Archer |
| 19:26 | Create | Elephant Archer |
| 19:44 | Build | Monastery |
| 20:00 | Research | Fletching |
| 20:11 | Create | Villager (Male) |
| 20:17 | Create | Villager (Male) |
| 20:17 | Create | Villager (Male) |
| 20:25 | Create | Villager (Male) |
| 20:31 | Create | Monk |
| 20:34 | Create | Monk |
| 20:42 | Build | Farm |
| 20:43 | Build | Farm |
| 20:44 | Build | Farm |
| 20:45 | Build | Farm |
| 20:48 | Create | Villager (Male) |
| 21:00 | Research | Padded Archer Armor |
| 21:11 | Create | Elephant Archer |
| 21:44 | Create | Villager (Male) |
| 21:44 | Create | Villager (Male) |
| 21:55 | Build | House |
| 21:56 | Build | House |
| 21:57 | Build | House |
| 21:57 | Build | House |
| 21:59 | Build | House |
| 22:14 | Create | Villager (Male) |
| 22:14 | Create | Villager (Male) |
| 22:36 | Create | Elephant Archer |
| 22:36 | Create | Elephant Archer |
| 22:45 | Build | Town Center |
| 22:47 | Create | Villager (Male) |
| 22:54 | Create | Villager (Male) |
| 22:59 | Build | Farm |
| 23:00 | Build | Farm |
| 23:01 | Build | Farm |
| 24:14 | Create | Elephant Archer |
| 24:14 | Create | Elephant Archer |
| 24:14 | Create | Elephant Archer |
| 24:15 | Create | Elephant Archer |
| 25:02 | Create | Villager (Male) |
| 25:02 | Create | Villager (Male) |
| 25:03 | Create | Villager (Male) |
| 25:33 | Create | Villager (Male) |
| 25:37 | Research | Bodkin Arrow |
| 26:45 | Build | Castle |
| 27:17 | Create | Villager (Male) |
| 27:18 | Create | Villager (Male) |
| 27:18 | Create | Villager (Male) |
| 27:22 | Build | Farm |
| 27:23 | Build | Farm |
| 27:24 | Build | Farm |
| 27:24 | Build | Farm |
| 27:24 | Build | Farm |
| 27:25 | Build | Farm |
| 27:25 | Build | Farm |
| 27:25 | Build | Farm |
| 27:25 | Build | Farm |
| 27:26 | Build | Farm |
| 27:26 | Build | Farm |
| 27:26 | Build | Farm |
| 27:28 | Create | Villager (Male) |
| 27:28 | Create | Villager (Male) |
| 27:31 | Create | Villager (Male) |
| 27:31 | Create | Villager (Male) |
| 27:31 | Create | Villager (Male) |
| 27:33 | Create | Villager (Male) |
| 27:34 | Create | Villager (Male) |
Build order — Spartiate
First 150 of 668 actions detected
| 0:02 | Create | Villager (Male) |
| 0:02 | Create | Villager (Male) |
| 0:02 | Create | Villager (Male) |
| 0:02 | Create | Villager (Male) |
| 0:02 | Create | Villager (Male) |
| 0:07 | Build | House |
| 0:07 | Build | House |
| 0:08 | Build | House |
| 0:09 | Build | House |
| 1:31 | Create | Villager (Male) |
| 1:31 | Create | Villager (Male) |
| 2:08 | Create | Villager (Male) |
| 2:24 | Create | Villager (Male) |
| 2:54 | Create | Villager (Male) |
| 3:25 | Create | Villager (Male) |
| 3:40 | Create | Villager (Male) |
| 3:47 | Create | Villager (Male) |
| 4:43 | Research | Loom |
| 4:43 | Create | Villager (Male) |
| 4:45 | Create | Villager (Male) |
| 5:09 | Create | Villager (Male) |
| 5:45 | Create | Villager (Male) |
| 5:56 | Create | Villager (Male) |
| 6:46 | Build | Lumber Camp |
| 6:57 | Build | Mining Camp |
| 7:05 | Build | Mining Camp |
| 7:26 | Build | Mill |
| 7:36 | Create | Villager (Male) |
| 7:36 | Create | Villager (Male) |
| 7:37 | Create | Villager (Male) |
| 7:37 | Create | Villager (Male) |
| 7:37 | Create | Villager (Male) |
| 7:37 | Create | Villager (Male) |
| 7:37 | Create | Villager (Male) |
| 8:17 | Build | Mill |
| 8:48 | Create | Villager (Male) |
| 8:55 | Build | House |
| 10:14 | Build | Palisade Wall |
| 10:20 | Build | Palisade Gate |
| 10:25 | Research | Feudal Age |
| 10:36 | Create | Villager (Male) |
| 10:36 | Create | Villager (Male) |
| 10:40 | Create | Villager (Male) |
| 10:51 | Build | Farm |
| 10:52 | Build | Farm |
| 10:53 | Build | Farm |
| 10:55 | Build | Farm |
| 12:29 | Create | Villager (Male) |
| 12:30 | Create | Villager (Male) |
| 12:46 | Research | Loom |
| 13:06 | Age | Feudal Age |
| 13:13 | Build | Stone Wall |
| 13:15 | Build | Stone Wall |
| 13:17 | Build | Stone Wall |
| 13:21 | Build | Gate |
| 13:34 | Research | Loom |
| 13:35 | Create | Villager (Male) |
| 13:35 | Create | Villager (Male) |
| 13:35 | Create | Villager (Male) |
| 13:43 | Build | Farm |
| 13:43 | Build | Farm |
| 13:44 | Build | Farm |
| 13:44 | Build | Farm |
| 13:47 | Build | Farm |
| 13:50 | Build | Farm |
| 13:51 | Build | Farm |
| 13:52 | Build | Farm |
| 13:54 | Build | Farm |
| 13:55 | Build | Farm |
| 14:36 | Build | House |
| 14:41 | Build | House |
| 14:42 | Build | House |
| 14:43 | Build | House |
| 14:44 | Build | House |
| 14:45 | Build | House |
| 14:46 | Build | House |
| 14:47 | Build | House |
| 15:36 | Build | Stone Wall |
| 15:38 | Build | Stone Wall |
| 15:41 | Build | Stone Wall |
| 15:45 | Build | Gate |
| 15:52 | Research | Castle Age |
| 15:55 | Research | Horse Collar |
| 16:01 | Research | Double-Bit Axe |
| 16:31 | Build | Blacksmith |
| 16:45 | Research | Stone Mining |
| 17:18 | Research | Gold Mining |
| 17:31 | Research | Scale Barding Armor |
| 18:07 | Research | Forging |
| 18:31 | Build | Stable |
| 18:33 | Build | Stable |
| 18:37 | Build | Mining Camp |
| 18:45 | Create | Villager (Male) |
| 18:45 | Create | Villager (Male) |
| 18:45 | Create | Villager (Male) |
| 18:45 | Create | Villager (Male) |
| 18:49 | Age | Castle Age |
| 19:54 | Build | Town Center |
| 20:05 | Research | Bloodlines |
| 20:06 | Research | Husbandry |
| 20:22 | Create | Villager (Male) |
| 20:22 | Create | Villager (Male) |
| 20:30 | Create | Villager (Male) |
| 20:48 | Create | Villager (Male) |
| 20:53 | Create | Villager (Male) |
| 21:03 | Create | Villager (Male) |
| 21:38 | Build | Monastery |
| 21:44 | Create | Villager (Male) |
| 21:44 | Create | Villager (Male) |
| 21:45 | Create | Villager (Male) |
| 21:45 | Create | Villager (Male) |
| 21:48 | Create | Villager (Male) |
| 21:57 | Create | Villager (Male) |
| 22:09 | Create | Villager (Male) |
| 22:18 | Create | Villager (Male) |
| 22:28 | Create | Monk |
| 22:55 | Build | Dock |
| 23:07 | Create | Villager (Male) |
| 23:07 | Create | Villager (Male) |
| 23:07 | Create | Villager (Male) |
| 23:07 | Create | Villager (Male) |
| 23:08 | Create | Villager (Male) |
| 23:08 | Create | Villager (Male) |
| 23:08 | Create | Villager (Male) |
| 23:18 | Build | Town Center |
| 24:19 | Research | Wheelbarrow |
| 24:25 | Create | Villager (Male) |
| 24:25 | Create | Villager (Male) |
| 24:25 | Create | Villager (Male) |
| 24:26 | Create | Villager (Male) |
| 24:48 | Research | Bow Saw |
| 24:53 | Create | Villager (Male) |
| 24:53 | Create | Villager (Male) |
| 25:03 | Build | Farm |
| 25:05 | Create | Villager (Male) |
| 25:18 | Create | Villager (Male) |
| 25:44 | Create | Villager (Male) |
| 25:46 | Create | Villager (Male) |
| 25:48 | Create | Villager (Male) |
| 26:01 | Build | Farm |
| 26:02 | Build | Farm |
| 26:03 | Build | Farm |
| 26:04 | Build | Farm |
| 26:06 | Build | Farm |
| 26:07 | Build | Farm |
| 26:08 | Build | Farm |
| 26:10 | Build | Farm |
| 26:11 | Build | Farm |
| 26:13 | Build | Farm |
| 26:19 | Create | Villager (Male) |
Match timeline
| 4:42 | mrpropper145 · wall_segment Palisade Wall x1 |
| 6:47 | Barba_Tiesa · first_building Dock |
| 6:54 | mrpropper145 · first_building Dock |
| 7:01 | Mr LA GROSSE MOULA · wall_segment Palisade Wall x3 |
| 7:04 | Mr LA GROSSE MOULA · wall_segment Palisade Wall x9 |
| 7:21 | Barba_Tiesa · first_building Barracks |
| 7:24 | Israfillidan · wall_segment Palisade Wall x6 |
| 8:08 | Barba_Tiesa · wall_segment Palisade Wall x6 |
| 8:39 | Mr LA GROSSE MOULA · wall_segment Palisade Wall x9 |
| 8:41 | Mr LA GROSSE MOULA · wall_segment Palisade Wall x8 |
| 8:45 | mrpropper145 · first_building Barracks |
| 8:50 | mrpropper145 · wall_segment Palisade Wall x2 |
| 8:53 | mrpropper145 · wall_segment Palisade Wall x7 |
| 9:07 | Barba_Tiesa · wall_segment Palisade Wall x5 |
| 9:10 | Barba_Tiesa · wall_segment Palisade Wall x7 |
| 9:17 | Israfillidan · wall_segment Palisade Wall x2 |
| 9:42 | Barba_Tiesa · age_up feudal |
| 10:03 | Israfillidan · wall_segment Palisade Wall x4 |
| 10:14 | Spartiate · wall_segment Palisade Wall x7 |
| 10:31 | ITACHI · age_up feudal |
| 10:38 | ITACHI · wall_segment Stone Wall x3 |
| 10:40 | Israfillidan · wall_segment Palisade Wall x6 |
| 10:42 | ITACHI · wall_segment Stone Wall x7 |
| 10:42 | Barba_Tiesa · wall_segment Palisade Wall x8 |
| 10:43 | ITACHI · wall_segment Stone Wall x1 |
| 10:45 | Barba_Tiesa · wall_segment Palisade Wall x4 |
| 10:53 | Barba_Tiesa · wall_segment Palisade Wall x3 |
| 10:59 | Barba_Tiesa · wall_segment Palisade Wall x7 |
| 10:59 | Mr LA GROSSE MOULA · age_up feudal |
| 10:59 | Israfillidan · age_up feudal |
| 11:17 | Mr LA GROSSE MOULA · wall_segment Stone Wall x10 |
| 11:19 | Mr LA GROSSE MOULA · wall_segment Stone Wall x8 |
| 11:47 | Mr LA GROSSE MOULA · first_building Barracks |
| 12:14 | ITACHI · first_building Barracks |
| 12:29 | Israfillidan · wall_segment Palisade Wall x4 |
| 12:35 | Israfillidan · wall_segment Palisade Wall x6 |
| 12:37 | Barba_Tiesa · wall_segment Palisade Wall x11 |
| 12:46 | Mr LA GROSSE MOULA · first_building Archery Range |
| 13:06 | Spartiate · age_up feudal |
| 13:13 | Spartiate · wall_segment Stone Wall x4 |
| 13:15 | Spartiate · wall_segment Stone Wall x5 |
| 13:16 | mrpropper145 · age_up feudal |
| 13:17 | Spartiate · wall_segment Stone Wall x5 |
| 13:18 | mrpropper145 · wall_segment Palisade Wall x1 |
| 14:17 | mrpropper145 · wall_segment Stone Wall x5 |
| 14:20 | mrpropper145 · wall_segment Stone Wall x1 |
| 14:31 | Israfillidan · first_building Barracks |
| 15:07 | Mr LA GROSSE MOULA · wall_segment Stone Wall x5 |
| 15:09 | Mr LA GROSSE MOULA · wall_segment Stone Wall x10 |
| 15:34 | Barba_Tiesa · first_building Archery Range |
| 15:36 | Spartiate · wall_segment Stone Wall x4 |
| 15:36 | Israfillidan · first_building Dock |
| 15:38 | Spartiate · wall_segment Stone Wall x8 |
| 15:41 | Spartiate · wall_segment Stone Wall x6 |
| 17:17 | Israfillidan · first_building Archery Range |
| 18:31 | Spartiate · first_building Stable |
| 18:49 | Spartiate · age_up castle |
| 18:52 | Mr LA GROSSE MOULA · age_up castle |
| 19:21 | ITACHI · first_building Stable |
| 19:44 | Mr LA GROSSE MOULA · first_building Monastery |
| 19:55 | Israfillidan · wall_segment Stone Wall x7 |
| 20:14 | Mr LA GROSSE MOULA · first_market_buy 100 food |
| 20:39 | Barba_Tiesa · age_up castle |
| 21:00 | ITACHI · age_up castle |
| 21:03 | ITACHI · first_building Monastery |
| 21:38 | Spartiate · first_building Monastery |
| 21:42 | mrpropper145 · age_up castle |
| 22:33 | mrpropper145 · first_building Castle |
| 22:38 | Barba_Tiesa · first_building Monastery |
| 22:55 | Spartiate · first_building Dock |
| 24:11 | mrpropper145 · first_market_sell 100 wood |
| 26:45 | Mr LA GROSSE MOULA · first_building Castle |
| 26:55 | Israfillidan · age_up castle |
| 27:02 | Spartiate · first_building Castle |
| 27:52 | ITACHI · wall_segment Stone Wall x5 |
| 28:07 | ITACHI · first_building Castle |
| 28:15 | Israfillidan · wall_segment Stone Wall x4 |
| 28:20 | Israfillidan · wall_segment Stone Wall x3 |
| 29:55 | Barba_Tiesa · wall_segment Stone Wall x1 |
| 29:56 | mrpropper145 · first_building Siege Workshop |
| 29:58 | ITACHI · first_building Siege Workshop |
| 30:12 | Barba_Tiesa · first_building Castle |
| 30:21 | Barba_Tiesa · wall_segment Stone Wall x1 |
| 30:27 | Israfillidan · first_building Siege Workshop |
| 31:53 | Israfillidan · wall_segment Stone Wall x9 |
| 33:15 | ITACHI · age_up imperial |
| 35:05 | Mr LA GROSSE MOULA · age_up imperial |
| 35:33 | Spartiate · age_up imperial |
| 35:45 | Israfillidan · wall_segment Stone Wall x6 |
| 35:49 | Israfillidan · wall_segment Stone Wall x9 |
| 36:07 | Barba_Tiesa · age_up imperial |
| 36:54 | mrpropper145 · age_up imperial |
| 38:19 | Israfillidan · wall_segment Stone Wall x13 |
| 38:37 | Barba_Tiesa · wall_segment Stone Wall x1 |
| 40:20 | Spartiate · tribute_sent a jugador 1 |
| 40:20 | Spartiate · tribute_sent a jugador 2 |
| 40:20 | Spartiate · tribute_sent a jugador 3 |
| 40:20 | Spartiate · tribute_sent a jugador 4 |
| 40:20 | Spartiate · tribute_sent a jugador 5 |
| 41:28 | ITACHI · first_market_sell 100 wood |
| 41:34 | Israfillidan · first_building Castle |
| 43:20 | Mr LA GROSSE MOULA · first_building Stable |
| 43:45 | Mr LA GROSSE MOULA · first_market_sell 100 food |
| 45:48 | Barba_Tiesa · first_building Siege Workshop |
| 46:09 | Israfillidan · age_up imperial |
| 46:48 | ITACHI · first_market_buy 100 stone |
| 47:18 | Mr LA GROSSE MOULA · tribute_sent a jugador 1 |
| 47:18 | Mr LA GROSSE MOULA · tribute_sent a jugador 2 |
| 47:18 | Mr LA GROSSE MOULA · tribute_sent a jugador 3 |
| 47:18 | Mr LA GROSSE MOULA · tribute_sent a jugador 5 |
| 47:18 | Mr LA GROSSE MOULA · tribute_sent a jugador 6 |
| 47:23 | Spartiate · tribute_sent a jugador 1 |
| 47:23 | Spartiate · tribute_sent a jugador 2 |
| 47:23 | Spartiate · tribute_sent a jugador 3 |
| 47:23 | Spartiate · tribute_sent a jugador 4 |
| 47:23 | Spartiate · tribute_sent a jugador 5 |
| 51:50 | Israfillidan · wall_segment Stone Wall x4 |
| 53:44 | ITACHI · wall_segment Stone Wall x7 |
| 53:53 | Mr LA GROSSE MOULA · first_building Siege Workshop |
| 54:16 | Barba_Tiesa · wall_segment Stone Wall x9 |
| 54:20 | Barba_Tiesa · wall_segment Stone Wall x2 |
| 63:23 | Israfillidan · first_building Stable |
| 64:32 | Israfillidan · first_market_sell 100 food |
| 65:28 | ITACHI · wall_segment Stone Wall x9 |
| 66:42 | ITACHI · wall_segment Stone Wall x2 |
| 66:57 | ITACHI · wall_segment Stone Wall x6 |
| 67:47 | ITACHI · resign |
[ AI ANALYSIS · 1 CREDIT ]
What really happened in this match?
Wolo.gg analyzes every decision: build order, eco, micro, common mistakes by bracket. Personalized analysis on WhatsApp or Discord in 30 seconds.
Civ guide
Romans
Map guide
Highland
Perfil
Israfillidan